 Dungeon Crawl Stone Soup version 0.17-a0-2027-gcac42c4 (webtiles) character file.

151 graki42 the Insei (level 5, -1/33 HPs)
             Began as an Octopode Transmuter on Oct 10, 2015.
             Slain by graki42's ghost (7 damage)
             ... in a sewer on Oct 11, 2015.
             The game lasted 00:08:17 (2362 turns).

graki42 the Insei (Octopode Transmuter)             Turns: 2362, Time: 00:08:17

Health: -1/33      AC:  1    Str: 10    XL:     5   Next: 33%
Magic:  6/9        EV:  8    Int: 15    God:
Gold:   77         SH:  0    Dex: 13    Spells: 2 memorised, 6 levels left

rFire  . . .     SeeInvis .       - Unarmed
rCold  . . .     Clarity  .     (no shield)
rNeg   . . .     SustAt   .     (helmet restricted)
rPois  .         Gourm    .     h - amulet of resist corrosion
rElec  .         Spirit   .     (no ring)
rCorr  +         Warding  .     (no ring)
rMut   .         Stasis   .     (no ring)
MR     .....                    (no ring)
Stlth  +++.......               (no ring)
                                (no ring)
                                (no ring)
                                (no ring)

@: appendage, very slightly contaminated, not resistant to hostile enchantments,
fairly stealthy
A: almost no armour, amphibious, 8 rings, constrict 8, tentacle spike 3,
camouflage 1, gelatinous body 1
a: End Transformation


You were in a sewer.
You were not hungry.
One of your tentacles had a temporary spike.
You visited 1 branch of the dungeon, and saw 3 of its levels.
You also visited: Sewer.

You collected 77 gold pieces.

Inventory:

Missiles
 a - 33 arrows
Jewellery
 d - an uncursed ring of ice
 h - an amulet of resist corrosion (around mantle)
Scrolls
 j - a scroll of enchant armour
Books
 b - a book of Changes

   Spells                             Type                      Level
   a - Beastly Appendage              Transmutation                1
   b - Sticks to Snakes               Transmutation                2
   c - Spider Form                    Transmutation/Poison         3
   d - Ice Form                       Ice/Transmutation            4
   e - Blade Hands                    Transmutation                5
Comestibles
 c - a bread ration
 f - 2 meat rations
 g - a slice of pizza
 i - a beef jerky


   Skills:
 + Level 1.4 Fighting
 + Level 2.7 Dodging
 + Level 1.3 Stealth
 + Level 3.6 Unarmed Combat
 + Level 3.1 Spellcasting
 + Level 3.2 Transmutations


You had 6 spell levels left.
You knew the following spells:

 Your Spells              Type           Power        Failure   Level  Hunger
a - Beastly Appendage     Trmt           ##....       8%          1    #......
b - Spider Form           Trmt/Pois      #.........   34%         3    ###....


Dungeon Overview and Level Annotations

Branches:
Dungeon (3/15)

Altars:
Gozag
Kikubaaqudgha

Annotations:
Sewer graki42's ghost, amateur NaTm


Innate Abilities, Weirdness & Mutations

You cannot wear most types of armour.
You are amphibious.
You can wear up to eight rings at the same time.
You can use your tentacles to constrict eight enemies at once.
Your skin changes colour to match your surroundings (Stealth).
Your rubbery body absorbs attacks (AC +1).
One of your tentacles bears a large vicious spike.


Message History

There is a gate leading back out of this place here.
Read which item? (? for menu, Esc to quit)
Okay, then.
Drink which item? (? for menu, Esc to quit)
It was a potion of poison.
That liquid tasted very nasty...
You are lethally poisoned!
* * * LOW HITPOINT WARNING * * *
You feel sick. Graki42's ghost hits you.
* * * LOW HITPOINT WARNING * * *
The jackal closely misses you.
A kobold comes into view.
Drink which item? (? for menu, Esc to quit)
You feel better. The jackal barely misses you. The kobold misses you.
Graki42's ghost hits you.
* * * LOW HITPOINT WARNING * * *
The kobold shouts!
The jackal barely misses you. The kobold closely misses you.
Graki42's ghost hits you!
You die...

##### ##
#..(#
#.≈.#.(.#
#.≈.Kh@W#
#≈≈.KK..#
...≈.#####
##≈≈. #.≈
#. ##


You could see graki42's ghost, a jackal and 3 kobolds.

Vanquished Creatures
  Ijyb (D:2)
  6 adders (D:2)
  An ooze (D:1)
  3 worms (D:2)
  5 giant geckos
  5 giant cockroaches
  8 goblins
  5 hobgoblins
  5 kobolds
  3 bats
  3 giant newts
  7 jackals (D:2)
  A rat (D:1)
53 creatures vanquished.

Notes
Turn   | Place    | Note
--------------------------------------------------------------
     0 | D:1      | graki42 the Octopode Transmuter began the quest for the Orb.
     0 | D:1      | Reached XP level 1. HP: 13/13 MP: 3/3
    91 | D:1      | Reached XP level 2. HP: 15/18 MP: 1/5
   966 | D:2      | Reached XP level 3. HP: 17/23 MP: 3/6
  1374 | D:2      | Found an opulent altar of Gozag.
  1444 | D:2      | Reached XP level 4. HP: 24/28 MP: 5/8
  1704 | D:2      | Found an ancient bone altar of Kikubaaqudgha.
  1855 | D:2      | Learned a level 3 spell: Spider Form
  2037 | D:2      | Noticed Ijyb
  2052 | D:2      | Killed Ijyb
  2052 | D:2      | Reached XP level 5. HP: 29/33 MP: 6/9
  2095 | D:2      | Reached skill level 1 in Stealth
  2308 | D:3      | Found a glowing drain.
  2351 | Sewer    | Entered a sewer
  2351 | Sewer    | Noticed graki42's ghost (amateur NaTm)
  2362 | Sewer    | Slain by graki42's ghost

Vault maps used:
D:1:      evilmike_arrival_crescent, serial_glass, glass_columns_a,
          glass_columns_a, minmay_liquid_box
D:2:      kiku_gazebo_garden_becter, grunt_gozag_breadcrumbs, uniq_iyjb
D:3:      gup_sewer_entry_pipe, minmay_distorted
Sewer:    sewer_the_crocodile

Action                   |  1- 3 |  4- 6 || total
-------------------------+-------+-------++-------
Melee: Unarmed           |    64 |    83 ||   147
 Cast: Beastly Appendage |    33 |    16 ||    49
       Spider Form       |       |     1 ||     1
  Use: Scroll            |       |     6 ||     6
       Potion            |       |     2 ||     2
 Stab: Sleeping          |     5 |     3 ||     8
  Eat: Chunk             |     2 |     3 ||     5
